 Dungeon Crawl Stone Soup version 0.25-a0-545-ge4db218afc (webtiles) character file.

Game seed: 11977520020936107903, levelgen mode: deterministic

537 Geomchi the Chopper (level 7, -4/63 HPs)
             Began as a Deep Dwarf Gladiator on Feb 20, 2020.
             Was an Initiate of Makhleb.
             Blown up by Ijyb (28 damage)
             ... with a disintegration bolt
             ... on level 4 of the Dungeon.
             The game lasted 00:05:59 (2850 turns).

Geomchi the Chopper (Deep Dwarf Gladiator)          Turns: 2850, Time: 00:05:59

Health: -4/63      AC: 10    Str: 19    XL:     7   Next: 5%
Magic:  4/4        EV:  9    Int:  8    God:    Makhleb [......]
Gold:   192        SH:  0    Dex: 15    Spells: 6/6 levels left

rFire    + . .     SeeInvis .   a - +0 war axe
rCold    . . .     Gourm    .   (no shield)
rNeg     . . .     Faith    .   h - +0 chain mail
rPois    .         Spirit   .   c - +0 helmet
rElec    .         Reflect  .   (no cloak)
rCorr    .         Harm     .   (no gloves)
MR       +....                  (no boots)
Stlth    ..........             (no amulet)
HPRegen  0.00/turn              (no ring)
MPRegen  0.09/turn              m - ring of protection from fire

@: lethally poisoned (-4 -> -4), non-regenerating
A: damage resistance, heal wounds, sense surroundings 1, no regeneration
a: Heal Wounds, Renounce Religion


You were on level 4 of the Dungeon.
You worshipped Makhleb.
Makhleb was noncommittal.
You were not hungry.

You visited 1 branch of the dungeon, and saw 4 of its levels.

You collected 192 gold pieces.

Inventory:

Hand Weapons
 a - a +0 war axe (weapon)
 s - a +1 whip of electrocution
Missiles
 d - 3 throwing nets (quivered)
Armour
 c - a +0 helmet (worn)
 h - a +0 chain mail (worn)
 q - a +0 ring mail
Jewellery
 b - an uncursed ring of wizardry
 i - an uncursed ring of ice
 m - a ring of protection from fire (right hand)
Wands
 v - a wand of flame (8)
Scrolls
 e - a scroll of identify
 j - a scroll of blinking
 l - a scroll of magic mapping
 p - a scroll of amnesia
 r - 2 scrolls of teleportation
 t - a scroll of immolation
 w - 2 scrolls of remove curse
 y - a scroll of random uselessness {unknown}
Potions
 k - 2 potions of heal wounds
 n - 2 potions of might
 o - 5 potions of curing
 u - a potion of cancellation
 x - a potion of haste
Comestibles
 f - 6 rations
 g - 2 chunks of flesh {@w0}


   Skills:
 + Level 3.7 Fighting
 * Level 6.0 Axes
 - Level 1.7 Throwing
 + Level 4.7 Armour
 - Level 3.3 Dodging


You had 6 spell levels left.
You didn't know any spells.
Your spell library was empty.

Dungeon Overview and Level Annotations

Branches:
Dungeon (4/15)
 Temple: D:4-7

Altars:
Ashenzari
Makhleb
Ru
Sif Muna

Annotations:
D:4 Ijyb


Innate Abilities, Weirdness & Mutations

You are resistant to damage.
You can heal yourself by infusing magical energy.
You passively map a small area around you.
You do not regenerate.


Message History

MP restored: 5 Ijyb the Twisted Goblin comes into view.
She is wielding a +0 club and carrying a wand of disintegration (17).
Ijyb shouts!
Ijyb zaps a wand.
You are blasted!
* * * LOW HITPOINT WARNING * * *
You take 24 damage, and have 9/63 hp.
MASSIVE DAMAGE!!
Ijyb is nearby!
Ijyb is nearby!
Ijyb is nearby!
Your magical essence is drained by the effort!
You feel much better.
You regained 15 hp, and now have 24/63 hp.
You now have 4/4 mp.
Ijyb hits you but does no damage.
You slash Ijyb! Ijyb hits you but does no damage.
You closely miss Ijyb. Ijyb completely misses you.
You closely miss Ijyb. Ijyb hits you but does no damage.
You closely miss Ijyb. Ijyb closely misses you. Ijyb barely misses you.
You closely miss Ijyb.
Ijyb zaps a wand.
You are blasted!
You die...

.##...##.....#* ..#
.##...##.....# ...#
.............# ...#
.............# ...#
###.####..##.# #..#
######..######..#
*,................#
................# *
............##@.#
+######+##..##g.#
*#####..# , , ,...#
, , , ...# , *** *
*#####


You could see Ijyb.

Vanquished Creatures
  A scorpion (D:4)
  A hound (D:4)
  2 orc priests (D:3)
  2 orc wizards (D:3)
  Jessica (D:3)
  Terence (D:2)
  2 iguanas (D:4)
  2 worker ants (D:4)
  3 gnolls (D:2)
  6 adders
  An ooze (D:3)
  An adder skeleton (D:4)
  6 worms
  A dart slug (D:1)
  2 leopard geckos
  10 orcs (D:3)
  2 giant cockroaches
  6 goblins
  5 hobgoblins
  4 jackals (D:1)
  A quokka (D:2)
  2 ball pythons
  4 bats
  2 frilled lizards (D:3)
  11 kobolds
  17 rats
96 creatures vanquished.

Notes
Turn   | Place    | Note
-------+----------+-------------------------------------------
     0 | D:1      | Geomchi the Deep Dwarf Gladiator began the quest for the
                  | Orb.
     0 | D:1      | Reached XP level 1. HP: 19/19 MP: 1/1
   200 | D:1      | Reached skill level 1 in Armour
   200 | D:1      | Reached XP level 2. HP: 26/26 MP: 2/2
   673 | D:2      | Reached XP level 3. HP: 24/32 MP: 3/3
   741 | D:2      | Noticed Terence
   757 | D:2      | Killed Terence
   904 | D:2      | Reached XP level 4. HP: 38/40 MP: 4/4
   928 | D:2      | Reached skill level 4 in Axes
  1554 | D:3      | Reached XP level 5. HP: 35/48 MP: 4/4
  1788 | D:3      | Noticed Jessica
  1801 | D:3      | Reached XP level 6. HP: 21/56 MP: 4/4
  1806 | D:3      | Killed Jessica
  1806 | D:3      | Reached skill level 5 in Axes
  1903 | D:3      | Found a shimmering blue altar of Sif Muna.
  2343 | D:3      | Found a shattered altar of Ashenzari.
  2343 | D:3      | Found a sacrificial altar of Ru.
  2711 | D:4      | Found a burning altar of Makhleb.
  2724 | D:4      | Became a worshipper of Makhleb the Destroyer
  2831 | D:4      | Reached skill level 6 in Axes
  2831 | D:4      | Reached XP level 7. HP: 33/63 MP: 5/5
  2843 | D:4      | Noticed Ijyb
  2850 | D:4      | Blown up by Ijyb

Levels and vault maps discovered:
D:1:      dpeg_arrival_water_temple_mockup, layout_basic
D:2:      layout_loops_corners, minmay_rat_gold_closets, uniq_terence
D:3:      layout_loops_ring, led_sif_book, gammafunk_temple_overflow_pools,
          first_ration, uniq_jessica
D:4:      layout_gridville, makhleb_heckhound_becter, uniq_ijyb

Skill      XL: |  1  2  3  4  5  6 |
---------------+-------------------+-----
Fighting       | 2 3 |  3.7
Armour         | 1 2 3 4 |  4.7
Axes           | 4 6 |  6.0
Throwing       | |  1.7
Dodging        | |  3.3

Action                   |  1- 3 |  4- 6 |  7- 9 || total
-------------------------+-------+-------+-------++-------
Melee: War axe           |    99 |   182 |     5 ||   286
       Whip              |       |    43 |       ||    43
 Abil: Heal Wounds       |     1 |     5 |     1 ||     7
  Use: Scroll            |       |     9 |       ||     9
  Eat: Chunk             |       |     7 |       ||     7
Armor: Chain mail        |    68 |   121 |     2 ||   191
Dodge: Dodged            |    59 |    98 |     3 ||   160

Table legend:
 A = Non-vault XP
 B = Vault XP
 C = Vault XP percentage of total XP
 D = Non-vault monster count
 E = Vault monster count
 F = Vault count percentage of total count
                 A         B        C        D         E       F
            +---------+---------+-------+---------+---------+-------
      Total |     641 |     127 |  16.5 |      84 |      12 |  12.5
            +---------+---------+-------+---------+---------+-------
        D:1 |      40 |       0 |   0.0 |      24 |       0 |   0.0
        D:2 |     104 |      45 |  30.2 |      21 |      10 |  32.3
        D:3 |     284 |      37 |  11.5 |      33 |       1 |   2.9
        D:4 |     213 |      45 |  17.4 |       6 |       1 |  14.3
            +---------+---------+-------+---------+---------+-------
